TOP OF THE 1ST |
Bethesda Atoms batting - Pitching for Akron Blimps : LHP Gao Mar
|
Pitching: LHP Gao Mar
|
|
Batting: RHB Tomas van Noord
|
0-0: Swinging Strike 0-1: Ball 1-1: Ball 2-1: Foul Ball, location: 2F 2-2: Foul Ball, location: 2F 2-2: Foul Ball, location: 2F 2-2: SOLO HOME RUN (Flyball, 9D, EV 104.4 MPH), Distance : 358 ft
|
Batting: RHB Tomás Gonzáles
|
0-0: Ball 1-0: Swinging Strike 1-1: Ball 2-1: Ball 3-1: Called Strike 3-2: Base on Balls
|
Batting: SHB Brian Burt
|
0-0: Foul Ball, location: 2F 0-1: Called Strike 0-2: Foul Ball, location: 2F 0-2: Ball 1-2: Ball 2-2: SINGLE (Line Drive, 9LS, EV 93.1 MPH) Tomás Gonzáles to second Runner from 2nd tries for 3rd, SAFE, no throw by RF
|
Batting: RHB Preston Johnston
|
0-0: Fly out, F4 (Flyball, 34D, EV 88.8 MPH)
|
Batting: LHB Rafael Barrueco
|
0-0: Ball 1-0: Ball 2-0: Called Strike 2-1: Called Strike 2-2: Fly out, F7 (Flyball, 7LMF, EV 93.1 MPH) Runner from 3rd tags up, SCORES, no throw by LF
|
Batting: LHB Masamune Ueda
|
0-0: Ball 1-0: Swinging Strike 1-1: Ball 2-1: Swinging Strike 2-2: Ball 3-2: Base on Balls Brian Burt to second
|
Batting: RHB Juan Mata
|
0-0: Single, Error in OF, E8, batter to second base (Groundball, 4MD, EV 101.9 MPH) Brian Burt scores Masamune Ueda to third
|
Batting: RHB Alan Hubbard
|
0-0: SINGLE (Groundball, 56D, EV 106.2 MPH) Masamune Ueda scores Juan Mata to third Runner from 3rd tries for Home, SAFE, throw by LF to home
|
Batting: RHB Luis González
|
0-0: Ball 1-0: Ball 2-0: Foul Ball, location: 2F 2-1: Swinging Strike 2-2: Foul Ball, location: 2F 2-2: Ball 3-2: Strikes out looking
|
Top of the 1st over - 5 runs, 4 hits, 1 error, 1 left on base; Bethesda 5 - Akron 0 |
BOTTOM OF THE 1ST |
Akron Blimps batting - Pitching for Bethesda Atoms : RHP Dong-hua Hao
|
Pitching: RHP Dong-hua Hao
|
|
Batting: RHB Ernest Franks
|
0-0: SOLO HOME RUN (Flyball, 78XD, EV 109.4 MPH), Distance : 417 ft
|
Batting: LHB León Castillo
|
0-0: Ball 1-0: Called Strike 1-1: Foul Ball, location: 2F 1-2: Foul Ball, location: 2F 1-2: Hit by Pitch, AND HE CHARGES THE MOUND! The benches clear!
|
Pitching: LHP Ernesto Méndez
|
|
Pinch Runner at 1st Donald Lund:
|
|
Batting: LHB Derek Healey
|
0-0: Called Strike 0-1: Fielders Choice at 2nd, 4-6 (Groundball, 4M, EV 111.2 MPH)
|
Batting: LHB Surender Nada
|
0-0: Fly out, F8 (Flyball, 8RXD, EV 84.4 MPH)
|
Batting: RHB Carlos Martínez
|
0-0: Foul Ball, location: 2F 0-1: 2-RUN HOME RUN (Flyball, 89XD, EV 98.1 MPH), Distance : 407 ft
|
Batting: LHB Pat Carter
|
0-0: Foul Ball, location: 2F 0-1: Ball 1-1: Ball 2-1: Foul Ball, location: 2F 2-2: Ground out 5-3 (Groundball, 5L, EV 103.1 MPH)
|
Bottom of the 1st over - 3 runs, 2 hits, 0 errors, 0 left on base; Bethesda 5 - Akron 3 |
TOP OF THE 2ND |
Bethesda Atoms batting - Pitching for Akron Blimps : LHP Gao Mar
|
Now in CF: Frank Brinton
|
|
Batting: RHB Tomas van Noord
|
0-0: Called Strike 0-1: Ball 1-1: Ground out 4-3 (Groundball, 34, EV 89.4 MPH)
|
Batting: RHB Tomás Gonzáles
|
0-0: Ball 1-0: DOUBLE (Groundball, 5L, EV 101.2 MPH)
|
Batting: SHB Brian Burt
|
0-0: Ball 1-0: Ball 2-0: Called Strike 2-1: Called Strike 2-2: Ball 3-2: Fly out, F8 (Flyball, 8RS, EV 95.0 MPH)
|
Batting: RHB Preston Johnston
|
0-0: Ball 1-0: Ball 2-0: Called Strike 2-1: Ball 3-1: Base on Balls
|
Batting: LHB Rafael Barrueco
|
0-0: Called Strike 0-1: Ball 1-1: Foul Ball, location: 2F 1-2: Foul Ball, location: 2F 1-2: Ball 2-2: Foul Ball, location: 2F 2-2: Ground out 1-3 (Groundball, P, EV 68.1 MPH)
|
Top of the 2nd over - 0 runs, 1 hit, 0 errors, 2 left on base; Bethesda 5 - Akron 3 |
BOTTOM OF THE 2ND |
Akron Blimps batting - Pitching for Bethesda Atoms : LHP Ernesto Méndez
|
Batting: RHB Dale Epner
|
0-0: Ball 1-0: SINGLE (Groundball, 34D, EV 104.4 MPH)
|
Batting: RHB Yu-bao Wie
|
0-0: Ball 1-0: Called Strike 1-1: Ball 2-1: Foul Ball, location: 2F 2-2: SINGLE (Line Drive, 7S, EV 91.9 MPH) Dale Epner to second
|
Batting: SHB Donnie Magee
|
0-0: Fielders Choice at 2nd, 6-4 (Groundball, 6, EV 107.5 MPH) Dale Epner to third
|
Batting: RHB Ernest Franks
|
0-0: Ball 1-0: Ball 2-0: Ball 3-0: Base on Balls Donnie Magee to second
|
Batting: LHB Frank Brinton
|
0-0: Foul Ball, location: 2F 0-1: Ball 1-1: Ball 2-1: Foul Ball, location: 2F 2-2: Ball 3-2: Fielders Choice at 2nd, 5-4 (Groundball, 56, EV 87.5 MPH) Dale Epner scores Donnie Magee to third
|
Batting: LHB Derek Healey
|
0-0: Ball 1-0: Fly out, F7 (Flyball, 7LD, EV 86.9 MPH)
|
Bottom of the 2nd over - 1 run, 2 hits, 0 errors, 2 left on base; Bethesda 5 - Akron 4 |
TOP OF THE 3RD |
Bethesda Atoms batting - Pitching for Akron Blimps : LHP Gao Mar
|
Batting: LHB Masamune Ueda
|
0-0: Foul Ball, location: 2F 0-1: Called Strike 0-2: Ground out 4-3 (Groundball, 4, EV 106.2 MPH)
|
Batting: RHB Juan Mata
|
0-0: Ball 1-0: Ground out 6-3 (Groundball, 56, EV 99.4 MPH)
|
Batting: RHB Alan Hubbard
|
0-0: Called Strike 0-1: Swinging Strike 0-2: Ball 1-2: Ball 2-2: Foul Ball, location: 2F 2-2: Foul Ball, location: 2F 2-2: Ball 3-2: SOLO HOME RUN (Flyball, 7LD, EV 98.8 MPH), Distance : 331 ft
|
Pitching: RHP Rod Shannon
|
|
Batting: RHB Luis González
|
0-0: Called Strike 0-1: Fly out, F7 (Flyball, 7LS, EV 92.5 MPH)
|
Top of the 3rd over - 1 run, 1 hit, 0 errors, 0 left on base; Bethesda 6 - Akron 4 |
BOTTOM OF THE 3RD |
Akron Blimps batting - Pitching for Bethesda Atoms : LHP Ernesto Méndez
|
Batting: LHB Surender Nada
|
0-0: Fly out, F6 (Popup, 6, EV 65.6 MPH)
|
Batting: RHB Carlos Martínez
|
0-0: Ball 1-0: Swinging Strike 1-1: Ball 2-1: Ball 3-1: Foul Ball, location: 2F 3-2: Ground out 5-3 (Groundball, 56S, EV 70.6 MPH)
|
Batting: LHB Pat Carter
|
0-0: Ball 1-0: Ball 2-0: Foul Ball, location: 2F 2-1: Ball 3-1: Ground out 6-3 (Groundball, 6, EV 104.4 MPH)
|
Bottom of the 3rd over - 0 runs, 0 hits, 0 errors, 0 left on base; Bethesda 6 - Akron 4 |
TOP OF THE 4TH |
Bethesda Atoms batting - Pitching for Akron Blimps : RHP Rod Shannon
|
Batting: RHB Tomas van Noord
|
0-0: Ball 1-0: Ball 2-0: Fly out, F9 (Line Drive, 9, EV 91.2 MPH)
|
Batting: RHB Tomás Gonzáles
|
0-0: Ball 1-0: Foul Ball, location: 2F 1-1: Ball 2-1: Ball 3-1: Ground out 5-3 (Groundball, 56S, EV 84.4 MPH)
|
Batting: SHB Brian Burt
|
0-0: Ball 1-0: Ball 2-0: Foul Ball, location: 2F 2-1: Swinging Strike 2-2: Strikes out swinging
|
Top of the 4th over - 0 runs, 0 hits, 0 errors, 0 left on base; Bethesda 6 - Akron 4 |
BOTTOM OF THE 4TH |
Akron Blimps batting - Pitching for Bethesda Atoms : LHP Ernesto Méndez
|
Batting: RHB Dale Epner
|
0-0: Foul Ball, location: 2F 0-1: Ball 1-1: Ball 2-1: Called Strike 2-2: Foul Ball, location: 2F 2-2: Foul Ball, location: 2F 2-2: Fly out, F7 (Line Drive, 7, EV 95.0 MPH)
|
Batting: RHB Yu-bao Wie
|
0-0: Ball 1-0: Foul Ball, location: 2F 1-1: Swinging Strike 1-2: Strikes out swinging
|
Batting: SHB Donnie Magee
|
0-0: Fly out, F9 (Flyball, 9LS, EV 93.1 MPH)
|
Bottom of the 4th over - 0 runs, 0 hits, 0 errors, 0 left on base; Bethesda 6 - Akron 4 |
TOP OF THE 5TH |
Bethesda Atoms batting - Pitching for Akron Blimps : RHP Rod Shannon
|
Batting: RHB Preston Johnston
|
0-0: Ball 1-0: SINGLE (Groundball, 56D, EV 99.4 MPH)
|
Batting: LHB Rafael Barrueco
|
0-0: Called Strike 0-1: Swinging Strike 0-2: Ball Preston Johnston steals 2nd base 1-2: Foul Ball, location: 2F 1-2: Ball 2-2: Foul Ball, location: 2F 2-2: SINGLE (Flyball, 8RS, EV 97.5 MPH) Preston Johnston to third
|
Batting: LHB Masamune Ueda
|
0-0: Ball 1-0: Fielders Choice at 2nd, 4-6 (Groundball, 4, EV 90.0 MPH) Preston Johnston scores
|
Batting: RHB Juan Mata
|
0-0: Foul Ball, location: 2F 0-1: Ball 1-1: Ball 2-1: Ball Wild Pitch! Masamune Ueda to second 3-1: Base on Balls
|
Batting: RHB Alan Hubbard
|
0-0: Called Strike 0-1: Ball 1-1: Ball 2-1: Foul Ball, location: 2F 2-2: Foul Ball, location: 2F 2-2: Ball 3-2: Foul Ball, location: 2F 3-2: 3-RUN HOME RUN (Flyball, 9D, EV 115.0 MPH), Distance : 357 ft
|
Pitching: LHP Kieran Long
|
|
Batting: RHB Luis González
|
0-0: Called Strike 0-1: Ball 1-1: Foul Ball, location: 2F 1-2: Ground out 4-3 (Groundball, 4, EV 81.2 MPH)
|
Batting: RHB Tomas van Noord
|
0-0: Ball 1-0: Foul Ball, location: 2F 1-1: Called Strike 1-2: Ball 2-2: Foul Ball, location: 2F 2-2: Ball 3-2: Ground out 3-1 (Groundball, 34, EV 83.8 MPH)
|
Top of the 5th over - 4 runs, 3 hits, 0 errors, 0 left on base; Bethesda 10 - Akron 4 |
BOTTOM OF THE 5TH |
Akron Blimps batting - Pitching for Bethesda Atoms : LHP Ernesto Méndez
|
Batting: RHB Ernest Franks
|
0-0: Foul Ball, location: 2F 0-1: Foul Ball, location: 2F 0-2: Foul Ball, location: 2F 0-2: Ball 1-2: Foul Ball, location: 2F 1-2: Foul Ball, location: 2F 1-2: Ball 2-2: Strikes out looking
|
Batting: LHB Frank Brinton
|
0-0: Ball 1-0: Ball 2-0: Ball 3-0: Called Strike 3-1: Called Strike 3-2: Ground out 1-3 (Groundball, 34S, EV 84.4 MPH)
|
Batting: LHB Derek Healey
|
0-0: Called Strike 0-1: Ball 1-1: Foul Ball, location: 2F 1-2: Ball 2-2: Ball 3-2: Ground out 4-3 (Groundball, 4, EV 88.8 MPH)
|
Bottom of the 5th over - 0 runs, 0 hits, 0 errors, 0 left on base; Bethesda 10 - Akron 4 |
TOP OF THE 6TH |
Bethesda Atoms batting - Pitching for Akron Blimps : LHP Kieran Long
|
Batting: RHB Tomás Gonzáles
|
0-0: Ball 1-0: Swinging Strike 1-1: Called Strike 1-2: Ball 2-2: Foul Ball, location: 2F 2-2: Ball 3-2: Base on Balls
|
Batting: SHB Brian Burt
|
0-0: Foul Ball, location: 2F 0-1: Ball 1-1: Ball 2-1: Foul Ball, location: 2F 2-2: Ball Passed Ball! Tomás Gonzáles to second 3-2: Base on Balls
|
Batting: RHB Preston Johnston
|
0-0: Fly out, F8 (Flyball, 8RD, EV 98.1 MPH)
|
Batting: LHB Rafael Barrueco
|
0-0: Ball 1-0: Called Strike 1-1: Ball 2-1: Called Strike 2-2: Ball 3-2: Strikes out swinging
|
Batting: LHB Masamune Ueda
|
0-0: Foul Ball, location: 2F 0-1: Swinging Strike 0-2: Fly out, F6 (Popup, 6, EV 75.0 MPH)
|
Top of the 6th over - 0 runs, 0 hits, 0 errors, 2 left on base; Bethesda 10 - Akron 4 |
BOTTOM OF THE 6TH |
Akron Blimps batting - Pitching for Bethesda Atoms : LHP Ernesto Méndez
|
Batting: LHB Surender Nada
|
0-0: Ball 1-0: Ball 2-0: Ball 3-0: Fly out, F4 (Line Drive, 4, EV 70.6 MPH)
|
Pitching: RHP Sébastien Leroy
|
|
Batting: RHB Carlos Martínez
|
0-0: Ball 1-0: Fly out, F4 (Popup, 4, EV 60.0 MPH)
|
Batting: LHB Pat Carter
|
0-0: Ball 1-0: Swinging Strike 1-1: Swinging Strike 1-2: Strikes out swinging
|
Bottom of the 6th over - 0 runs, 0 hits, 0 errors, 0 left on base; Bethesda 10 - Akron 4 |
TOP OF THE 7TH |
Bethesda Atoms batting - Pitching for Akron Blimps : LHP Kieran Long
|
Batting: RHB Juan Mata
|
0-0: Foul Ball, location: 2F 0-1: Ball 1-1: Fly out, F5 (Popup, 5S, EV 73.1 MPH)
|
Batting: RHB Alan Hubbard
|
0-0: Ball 1-0: Foul Ball, location: 2F 1-1: Ball 2-1: Ball 3-1: Base on Balls
|
Pitching: RHP Bligh Madris
|
|
Batting: RHB Luis González
|
0-0: Called Strike 0-1: Called Strike 0-2: Ball 1-2: Ball 2-2: Strikes out swinging
|
Batting: RHB Tomas van Noord
|
0-0: Ball 1-0: Called Strike 1-1: Ball 2-1: Foul Ball, location: 2F 2-2: Foul Ball, location: 2F 2-2: Ground out 4-3 (Groundball, 34, EV 81.9 MPH)
|
Top of the 7th over - 0 runs, 0 hits, 0 errors, 1 left on base; Bethesda 10 - Akron 4 |
BOTTOM OF THE 7TH |
Akron Blimps batting - Pitching for Bethesda Atoms : RHP Sébastien Leroy
|
Batting: RHB Dale Epner
|
0-0: Swinging Strike 0-1: Foul Ball, location: 2F 0-2: Ball 1-2: Ground out 5-3 (Groundball, 56, EV 93.8 MPH)
|
Batting: RHB Yu-bao Wie
|
0-0: Ball 1-0: Called Strike 1-1: Swinging Strike 1-2: Ball 2-2: Foul Ball, location: 2F 2-2: Strikes out swinging
|
Batting: SHB Donnie Magee
|
0-0: Called Strike 0-1: Swinging Strike 0-2: Ball 1-2: Ground out 4-3 (Groundball, 4, EV 97.5 MPH)
|
Bottom of the 7th over - 0 runs, 0 hits, 0 errors, 0 left on base; Bethesda 10 - Akron 4 |
TOP OF THE 8TH |
Bethesda Atoms batting - Pitching for Akron Blimps : RHP Bligh Madris
|
Batting: RHB Tomás Gonzáles
|
0-0: Ball 1-0: Ball 2-0: Ball 3-0: Base on Balls
|
Batting: SHB Brian Burt
|
0-0: Ball 1-0: Ball 2-0: Foul Ball, location: 2F 2-1: Foul Ball, location: 2F 2-2: SINGLE (Flyball, 7S, EV 91.2 MPH) Tomás Gonzáles to second
|
Batting: RHB Preston Johnston
|
0-0: Ball 1-0: Fly out, F3 (Popup, 3, EV 70.0 MPH)
|
Batting: LHB Rafael Barrueco
|
0-0: Ball 1-0: Swinging Strike 1-1: Foul Ball, location: 2F 1-2: 3-RUN HOME RUN (Line Drive, 9D, EV 97.5 MPH), Distance : 390 ft
|
Batting: LHB Masamune Ueda
|
0-0: Ball 1-0: Ball 2-0: Called Strike 2-1: Called Strike 2-2: Strikes out looking
|
Batting: RHB Juan Mata
|
0-0: Ball 1-0: Ball 2-0: Ground out 5-3 (Groundball, 56S, EV 91.2 MPH)
|
Top of the 8th over - 3 runs, 2 hits, 0 errors, 0 left on base; Bethesda 13 - Akron 4 |
BOTTOM OF THE 8TH |
Akron Blimps batting - Pitching for Bethesda Atoms : RHP Sébastien Leroy
|
Pinch Hitting: RHB Cal Reed
|
0-0: SOLO HOME RUN (Flyball, 7D, EV 96.9 MPH), Distance : 356 ft
|
Batting: LHB Frank Brinton
|
0-0: Ball 1-0: SINGLE (Groundball, 34D, EV 101.9 MPH)
|
Pinch Hitting: RHB Doug Olsen
|
0-0: Ball 1-0: Called Strike 1-1: Called Strike 1-2: Foul Ball, location: 2F 1-2: Ball 2-2: Foul Ball, location: 2F 2-2: SINGLE (Flyball, 34D, EV 96.2 MPH) Frank Brinton to second
|
Batting: LHB Surender Nada
|
0-0: SINGLE (Groundball, 6D, EV 96.9 MPH) Frank Brinton to third Doug Olsen to second Runner from 3rd tries for Home, throw by CF and OUT! 8-2
|
Batting: RHB Carlos Martínez
|
0-0: Ball 1-0: Ball 2-0: Ball 3-0: Called Strike 3-1: DOUBLE (Flyball, 8LXD, EV 98.1 MPH) Doug Olsen scores Surender Nada to third
|
Batting: LHB Pat Carter
|
0-0: Ball 1-0: Called Strike 1-1: Foul Ball, location: 2F 1-2: Ball 2-2: Foul Ball, location: 2F 2-2: SINGLE (Popup, 4MD, EV 44.4 MPH) Surender Nada scores Carlos Martínez to third
|
Pitching: RHP Elmer Pierce
|
|
Batting: RHB Dale Epner
|
0-0: Ball 1-0: Swinging Strike 1-1: Ball 2-1: Fly out, F8 (Flyball, 78D, EV 91.2 MPH) Runner from 3rd tags up, SCORES, no throw by CF
|
Batting: RHB Yu-bao Wie
|
0-0: Ball 1-0: Swinging Strike 1-1: Ball 2-1: SINGLE (Line Drive, 9S, EV 100.0 MPH) Pat Carter to second
|
Batting: SHB Donnie Magee
|
0-0: Foul Ball, location: 2F 0-1: Ball 1-1: Ground out U3 (Groundball, 3, EV 84.4 MPH)
|
Bottom of the 8th over - 4 runs, 7 hits, 0 errors, 2 left on base; Bethesda 13 - Akron 8 |
TOP OF THE 9TH |
Bethesda Atoms batting - Pitching for Akron Blimps : RHP Bligh Madris
|
Now at 1B: Jeff Fox
|
|
Now in CF: Jon Huband
|
|
Batting: RHB Alan Hubbard
|
0-0: Hit by Pitch
|
Pitching: RHP Oakland Scanlan
|
|
Batting: RHB Luis González
|
0-0: Called Strike 0-1: SINGLE (Groundball, 56D, EV 101.9 MPH) Alan Hubbard to second
|
Batting: RHB Tomas van Noord
|
0-0: Sac Bunt to 23 - play at first, batter safe! Alan Hubbard to third Luis González to second
|
Batting: RHB Tomás Gonzáles
|
0-0: Foul Ball, location: 2F 0-1: SINGLE (Groundball, 56D, EV 105.6 MPH) Alan Hubbard scores Luis González to third Tomas van Noord to second
|
Batting: SHB Brian Burt
|
0-0: Ball 1-0: Ball 2-0: Called Strike 2-1: Ball 3-1: Swinging Strike 3-2: Base on Balls Luis González scores Tomas van Noord to third Tomás Gonzáles to second
|
Batting: RHB Preston Johnston
|
0-0: Ball 1-0: Ball 2-0: Ball 3-0: Foul Ball, location: 2F 3-1: SINGLE (Groundball, 56D, EV 105.0 MPH) Tomas van Noord scores Tomás Gonzáles to third Brian Burt to second Runner from 3rd tries for Home, SAFE, throw by LF to home
|
Batting: LHB Rafael Barrueco
|
0-0: Ball 1-0: Swinging Strike 1-1: Ball 2-1: Fielders Choice at 2nd, 4-6 (Groundball, 4M, EV 84.4 MPH) Brian Burt to third
|
Batting: LHB Masamune Ueda
|
0-0: Ball 1-0: Called Strike 1-1: Foul Ball, location: 2F 1-2: Ball 2-2: Fielders Choice at 2nd, 6-4 (Groundball, 6, EV 75.6 MPH) Brian Burt scores
|
Pitching: RHP Hans Rager
|
|
Batting: RHB Juan Mata
|
0-0: Called Strike 0-1: Called Strike 0-2: Foul Ball, location: 2F 0-2: Ball 1-2: Ball 2-2: Ball 3-2: Strikes out swinging
|
Top of the 9th over - 5 runs, 4 hits, 0 errors, 1 left on base; Bethesda 18 - Akron 8 |
BOTTOM OF THE 9TH |
Akron Blimps batting - Pitching for Bethesda Atoms : RHP Elmer Pierce
|
Batting: RHB Jon Huband
|
0-0: Ball 1-0: Called Strike 1-1: Swinging Strike 1-2: Fly out, F9 (Flyball, 9, EV 86.9 MPH)
|
Batting: LHB Frank Brinton
|
0-0: Ball 1-0: Foul Ball, location: 2F 1-1: Ball 2-1: Foul Ball, location: 2F 2-2: Ball 3-2: Base on Balls
|
Batting: RHB Jeff Fox
|
0-0: Ball 1-0: Foul Ball, location: 2F 1-1: Foul Ball, location: 2F 1-2: Fly out, F3 (Popup, 3F, EV 70.6 MPH)
|
Batting: LHB Surender Nada
|
0-0: Fly out, F7 (Line Drive, 7, EV 95.0 MPH)
|
Bottom of the 9th over - 0 runs, 0 hits, 0 errors, 1 left on base; Bethesda 18 - Akron 8 |
|